Map: Ulrena

Players

viOLet

  • Race: Zerg Zerg

MarineLorD - Winner!

  • Race: Terran Terran

Event: 2016 WCS Winter Circuit Championship

VOD

Have the link to the VOD?

Description

Time

  • Played on: March 3, 2016, 1:45 p.m.
  • Length: 14:21

All games in this series

Show
View Real Time Build Order
Export as new Build Order

viOLet Zerg 

Build Orders: Pool First 

Get SALT Encoding   

  12  0:00  Drone  
  13  0:12  Overlord  
  13  0:18  Drone  
  14  0:30  Drone x2  
  17  0:35  Drone  
  17  0:46  Spawning Pool  
  17  0:49  Drone  
  17  1:09  Hatchery  
  16  1:11  Drone  
  16  1:15  Drone  
  18  1:27  Extractor, Drone  
  18  1:32  Queen  
  18  1:33  Zergling x2  
  21  1:40  Drone  
  22  1:50  Overlord  
  22  1:59  Roach Warren  
  22  2:08  Drone  
  22  2:09  Queen  
  22  2:12  Drone  
  25  2:21  Drone  
  26  2:40  Roach x5  
  26  2:44  Overlord  
  35  2:53  Overlord  
  35  3:04  Drone x3  
  38  3:08  Drone x2  
  40  3:21  Metabolic Boost, Drone x2  
  40  3:24  Drone x2  
  44  3:31  Overlord  
  44  3:32  Drone  
  45  3:39  Overlord  
  45  3:45  Drone  
  44  3:50  Drone  
  44  3:52  Drone  
  44  3:53  Drone x3  
  47  3:57  Overlord  
  47  4:04  Hatchery  
  46  4:11  Zergling x4  
  48  4:19  Zergling x4  
  48  4:23  Zergling x4  
  52  4:24  Zergling x12  
  58  4:32  Ravager x2  
  58  4:33  Zergling x2  
  58  4:37  Ravager  
  62  4:39  Zergling x2  
  62  4:44  Zergling x2  
  59  4:46  Drone  
  59  4:48  Extractor  
  59  4:49  Extractor  
  59  4:51  Queen  
  59  4:52  Drone x4  
  62  4:54  Evolution Chamber  
  56  5:00  Drone x4  
  60  5:12  Overlord  
  60  5:14  Overlord  
  60  5:16  Queen  
  62  5:22  Roach x2  
  62  5:23  Roach x3  
  62  5:24  Roach  
  74  5:36  Zergling x12  
  74  5:41  Overlord  
  80  5:47  Zergling x4  
  82  5:53  Spore Crawler, Zergling x8  
  85  5:59  Zergling x4  
  87  6:05  Ravager x4  
  87  6:07  Ravager  
  87  6:08  Zergling x10  
  95  6:16  Overlord x2  
  93  6:26  Overlord  
  93  6:27  Overlord  
  93  6:31  Drone  
  86  6:36  Drone x2  
  76  6:40  Drone  
  76  6:42  Drone x2  
  76  6:45  Drone x7  
  79  6:56  Drone  
  79  7:00  Zergling x4  
  79  7:02  Lair  
  79  7:03  Zerg Missile Weapons Level 1  
  79  7:05  Drone x2  
  79  7:06  Evolution Chamber  
  69  7:10  Roach  
  71  7:17  Roach x2  
  71  7:21  Drone  
  76  7:29  Drone  
  79  7:30  Drone x2  
  79  7:32  Spore Crawler  
  79  7:33  Zerg Ground Armor Level 1  
  79  7:34  Drone x9  
  79  7:36  Ravager  
  88  7:38  Hatchery  
  88  7:41  Overlord  
  88  7:42  Zergling x2  
  88  7:52  Roach x2  
  88  7:53  Roach  
  88  7:56  Roach  
  95  7:59  Ravager x2  
  95  8:01  Glial Reconstitution  
  95  8:03  Roach x3  
  95  8:04  Overlord  
  95  8:05  Extractor  
  99  8:06  Extractor  
  98  8:15  Roach  
  98  8:18  Drone  
  98  8:19  Drone, Roach  
  109  8:20  Roach x4  
  109  8:25  Roach x2  
  113  8:33  Roach x4  
  121  8:34  Overlord x2  
  121  8:37  Extractor  
  121  8:41  Overlord, Roach  
  122  8:42  Roach x2  
  122  8:48  Roach x2  
  132  8:55  Roach  
  132  8:56  Roach x2  
  132  9:00  Drone  
  132  9:01  Drone x5  
  140  9:04  Pneumatized Carapace  
  140  9:05  Drone x2  
  140  9:07  Drone  
  143  9:11  Drone  
  143  9:12  Drone x4  
  148  9:19  Overlord  
  148  9:20  Overlord  
  148  9:24  Zergling x4  
  148  9:27  Zerg Ground Armor Level 2, Zerg Missile Weapons Level 2  
  150  9:31  Extractor  
  150  9:32  Drone, Overlord x2  
  150  9:40  Roach x3  
  150  9:41  Infestation Pit  
  155  9:48  Drone, Extractor  
  155  9:49  Drone x2  
  155  9:50  Roach  
  155  9:51  Roach x3  
  165  10:01  Roach x7  
  179  10:12  Spore Crawler  
  179  10:13  Drone  
  179  10:20  Hatchery, Hive  
  178  10:27  Roach x8  
  194  10:34  Ravager x5  
  195  11:00  Roach x2  
  196  11:29  Overlord  
  196  11:37  Overseer  
  196  11:38  Ultralisk Cavern  
  195  11:41  Infestation Pit  
  181  11:48  Ultralisk Cavern, Ravager x2  
  181  11:49  Zergling x2, Ravager  
  181  11:50  Zergling x16  
  181  11:51  Overlord  
  154  12:18  Drone x6  
  154  12:19  Drone x5  
  161  12:26  Roach  
  161  12:27  Roach x10  
  161  12:29  Ravager x6  
  191  12:30  Ravager x3  
  187  12:42  Ultralisk x2  
  189  12:48  Zergling x8  
  190  12:53  Chitinous Plating  
  174  13:05  Roach, Zergling x14, Ultralisk  
  151  13:06  Roach  
  148  13:16  Zergling x6, Ultralisk  
  146  13:26  Zergling x6, Ultralisk  
  133  13:36  Zergling x6  
  133  13:40  Roach  
  113  13:45  Roach x3  
  113  13:51  Roach  
  113  13:54  Roach x2  
  117  13:58  Roach  
Show
View Real Time Build Order
Export as new Build Order

MarineLorD Terran - Winner!

Build Orders:  

Get SALT Encoding   

  12  0:00  SCV  
  13  0:12  SCV  
  14  0:17  Supply Depot  
  14  0:24  SCV  
  15  0:39  SCV, Barracks  
  16  0:45  Refinery  
  16  0:51  SCV  
  17  1:03  SCV  
  18  1:15  SCV  
  19  1:27  Orbital Command, Barracks Reactor  
  19  1:41  Command Center  
  19  1:51  Supply Depot  
  19  1:53  SCV  
  20  2:03  Marine x2  
  20  2:05  SCV  
  22  2:17  Factory  
  22  2:18  SCV  
  22  2:21  Marine x2  
  25  2:30  SCV  
  26  2:38  Refinery  
  26  2:39  Marine x2  
  26  2:42  SCV  
  29  2:53  Orbital Command  
  29  2:54  SCV  
  29  2:56  Marine  
  29  2:57  Marine  
  32  3:06  SCV  
  32  3:07  Factory Tech Lab, Starport  
  33  3:16  Bunker  
  33  3:18  SCV  
  32  3:20  Marine x2  
  33  3:28  Siege Tank  
  33  3:30  SCV  
  37  3:38  Marine  
  35  3:42  SCV  
  35  3:45  Medivac  
  38  3:51  Marine  
  38  3:54  SCV  
  38  3:55  SCV  
  39  3:57  Marine  
  40  4:04  Supply Depot  
  40  4:06  Siege Tank, SCV  
  44  4:12  SCV  
  44  4:17  Marine x2  
  44  4:19  SCV  
  46  4:25  Supply Depot  
  46  4:26  SCV  
  46  4:31  SCV  
  48  4:35  Marine  
  48  4:37  Liberator  
  48  4:38  Siege Tank  
  52  4:40  SCV  
  52  4:43  SCV  
  48  4:48  Marine  
  48  4:51  Supply Depot  
  48  4:52  SCV  
  49  4:53  Marine  
  49  4:55  SCV  
  54  5:04  SCV  
  55  5:07  SCV  
  55  5:10  Marine  
  55  5:11  Marine  
  58  5:14  Supply Depot  
  58  5:16  SCV  
  58  5:19  SCV  
  58  5:20  Siege Tank  
  63  5:28  SCV, Marine x2  
  63  5:31  SCV  
  67  5:36  Command Center  
  67  5:40  Medivac  
  67  5:41  SCV  
  70  5:46  SCV  
  70  5:48  Marine  
  70  5:49  Marine  
  73  5:53  SCV  
  74  5:58  SCV  
  74  6:00  Refinery  
  74  6:01  Refinery  
  74  6:03  Siege Tank  
  78  6:14  Supply Depot  
  78  6:15  Supply Depot, SCV x2, Marine x2  
  81  6:27  SCV  
  79  6:38  Marine  
  79  6:39  SCV  
  70  6:41  Siege Tank  
  70  6:45  Marine  
  60  6:48  SCV, Barracks  
  60  6:49  Barracks x2  
  60  6:50  Barracks  
  56  6:55  Marine  
  55  7:02  Marine  
  52  7:13  SCV, Marine  
  52  7:14  Orbital Command, SCV  
  55  7:19  Siege Tank  
  55  7:22  Starport Reactor  
  58  7:26  SCV x2  
  60  7:30  Marine  
  60  7:31  Marine  
  62  7:38  SCV x2  
  62  7:40  Barracks Tech Lab  
  62  7:41  Barracks Reactor x2, Barracks Tech Lab  
  64  7:45  SCV  
  64  7:50  SCV x2  
  64  7:51  Engineering Bay  
  67  7:52  Engineering Bay  
  67  7:57  SCV  
  68  8:00  Marine  
  68  8:01  Marine  
  68  8:02  SCV x2, Marine  
  73  8:06  Combat Shields, Stimpack  
  73  8:09  SCV  
  73  8:11  Bunker  
  73  8:12  Marine  
  74  8:14  SCV  
  74  8:18  Marine x2  
  74  8:19  Terran Infantry Weapons Level 1  
  75  8:20  Marine x2  
  75  8:21  SCV  
  75  8:23  Marine  
  75  8:26  SCV x2  
  75  8:27  Refinery x2  
  81  8:28  Marine  
  81  8:29  Marine  
  81  8:33  Siege Tank, SCV  
  87  8:37  Marine x2  
  87  8:38  SCV x2  
  91  8:42  Bunker  
  91  8:45  SCV  
  91  8:48  Missile Turret  
  92  8:49  Marauder x2  
  92  8:50  Medivac  
  92  8:53  SCV  
  92  8:55  Marine x2  
  102  8:56  Marine x2  
  102  8:58  Terran Infantry Armor Level 1  
  102  8:59  Marine  
  102  9:00  SCV  
  102  9:01  Marine  
  106  9:04  SCV  
  106  9:07  SCV  
  108  9:10  Marauder  
  108  9:11  Marauder  
  108  9:12  SCV, Medivac, Marine  
  108  9:13  Marine  
  117  9:21  Armory  
  117  9:22  Supply Depot  
  117  9:23  Supply Depot  
  117  9:24  Missile Turret  
  117  9:27  Medivac  
  117  9:28  Marine  
  117  9:29  Supply Depot  
  120  9:32  Siege Tank, Marauder  
  120  9:38  Supply Depot  
  125  9:39  Supply Depot  
  125  9:44  Supply Depot, Marine x2  
  127  9:51  Missile Turret  
  127  9:52  Marine  
  128  9:54  Marine  
  128  9:55  Marine  
  128  9:56  Marine  
  131  10:03  Marauder, Marine x3  
  131  10:04  Siege Tank  
  131  10:05  Supply Depot  
  139  10:09  Medivac  
  139  10:10  Medivac  
  143  10:16  Marine  
  143  10:17  Marine  
  143  10:18  Marine  
  148  10:21  Marauder  
  148  10:24  Marauder, Terran Vehicle Weapons Level 1  
  148  10:25  Terran Infantry Weapons Level 2  
  148  10:28  Liberator x2  
  150  10:30  Supply Depot  
  150  10:33  Supply Depot  
  150  10:35  Marine  
  151  10:36  Marine  
  151  10:37  Marine  
  151  10:39  Marine  
  151  10:40  Marine x2  
  151  10:42  Marine  
  162  10:52  Terran Infantry Armor Level 2  
  162  10:55  Marine  
  162  10:56  Marine  
  166  10:59  Marine  
  166  11:02  Siege Tank, Concussive Shells  
  169  11:09  Marine x2  
  169  11:10  Marine  
  170  11:11  Command Center  
  170  11:12  Marine  
  170  11:15  Marauder  
  170  11:16  Marine  
  170  11:17  Marine  
  170  11:18  Marine  
  175  11:26  Marine  
  175  11:28  Marine x2  
  175  11:30  Marauder  
  176  11:34  Marine  
  176  11:35  Marine  
  176  11:36  Marauder, Marine  
  174  11:44  Siege Tank, Marine  
  174  11:45  Marine  
  174  11:46  Marine  
  166  11:52  Marauder, Marine  
  166  11:53  Missile Turret, Marine  
  166  11:54  Marine  
  168  11:57  Marauder  
  170  12:01  Medivac  
  170  12:02  Marine  
  170  12:03  Marine x2  
  169  12:10  Marine  
  169  12:11  Marine x2  
  169  12:13  Marauder  
  174  12:16  Siege Tank  
  174  12:19  Marauder  
  174  12:20  Marine  
  174  12:21  Marine x2  
  179  12:28  Marine  
  176  12:34  Marauder  
  177  12:38  Marine x2  
  177  12:40  Marauder  
  170  12:44  Marine  
  170  12:49  Siege Tank, Medivac x2, Marine  
  170  12:50  Marine  
  179  12:56  Marauder  
  174  13:02  Marauder  
  174  13:05  Marine  
  137  13:17  Marauder  
  137  13:19  Medivac x2  
  139  13:20  Marine  
  139  13:21  Siege Tank, Marine  
  139  13:23  Marauder  
  139  13:25  Planetary Fortress  
  146  13:29  Marine  
  146  13:30  Marine  
  131  13:34  Marine  
  131  13:38  Marauder, Marine x2  
  131  13:39  Marine  
  115  13:44  Marauder  
  115  13:47  Marine  
  115  13:48  Marine  
  119  13:49  SCV, Medivac x2  
  119  13:52  Marine  
  119  13:53  Barracks  
  119  13:54  Barracks  
  128  13:58  SCV  
  128  13:59  SCV  
  128  14:01  SCV  
  133  14:03  SCV  
Tags
 
Add a new tag
Caveats
  • Supply blocks, unpowered buildings, or Contaminate may cause inaccurate times.
  • Supply counts are checked every 10 seconds.